 Dungeon Crawl Stone Soup version 0.30-a0-639-g3916f1956a (webtiles) character file.

Game seed: 8346953278008552828

4296 Mitcholas the Cleaver (level 10, -1/63 HPs)
             Began as a Gargoyle Fighter on Jan 16, 2023.
             Was an Elder of Okawaru.
             Slain by an orc warrior
             ... wielding a +0 glaive
              (16 damage)
             ... on level 8 of the Dungeon.
             The game lasted 00:17:13 (8770 turns).

Mitcholas the Cleaver (Gargoyle Fighter)            Turns: 8770, Time: 00:17:13

Health: -1/63      AC: 22    Str: 24    XL:     10   Next: 32%
Magic:  15/15      EV:  7    Int:  9    God:    Okawaru [****..]
Gold:   525        SH:  5    Dex: 15    Spells: 9/9 levels left

rFire   . . .      SeeInvis .    a - +0 war axe
rCold   + . .      Faith    .    c - +0 buckler
rNeg    + . .      Spirit   .    r - +0 plate armour
rPois   ∞          Reflect  .    (no helmet)
rElec   +          Harm     .    (no cloak)
rCorr   .          Rampage  .    (no gloves)
Will    .....                    C - +0 pair of boots Stlth
                                 (no amulet)
HPRegen 0.30/turn                k - +6 ring of dexterity
MPRegen 0.14/turn                h - ring of protection from cold

@: no status effects
A: sickness immunity, AC +7, negative energy resistance 1, electricity
resistance, torment resistance 1, petrification resistance
a: Renounce Religion, Heroism, Finesse


You were on level 8 of the Dungeon.
You worshipped Okawaru.
Okawaru was greatly pleased with you.
You visited 2 branches of the dungeon, and saw 9 of its levels.
You also visited: Sewer.

You collected 525 gold pieces.

Inventory:

Hand Weapons
 a - a +0 war axe (weapon)
 I - a +0 eveningstar
Missiles
 q - 5 atropa-tipped darts
 s - 69 poisoned darts (quivered)
 K - a curare-tipped dart
Armour
 c - a +0 buckler (worn)
 r - a +0 plate armour (worn)
 C - a +0 pair of boots (worn)
Jewellery
 h - a ring of protection from cold (right hand)
 k - a +6 ring of dexterity (left hand)
 m - a ring of positive energy
 o - a ring of flight
 F - a +6 ring of intelligence
Scrolls
 j - 2 scrolls of fear {unknown}
 n - a scroll of silence {unknown}
 p - 3 scrolls of teleportation {unknown}
 t - 7 scrolls of identify {unknown}
 v - 2 scrolls of noise {unknown}
 x - a scroll of acquirement {unknown}
 y - 4 scrolls of enchant weapon {unknown}
 A - a scroll of immolation {unknown}
 E - 2 scrolls of brand weapon {unknown}
 G - a scroll of enchant armour {unknown}
Potions
 b - 2 potions of brilliance {unknown}
 d - a potion of might
 e - 3 potions of magic {unknown}
 f - 5 potions of curing
 g - 3 potions of heal wounds {unknown}
 i - a potion of lignification {unknown}
 l - a potion of berserk rage {unknown}
 u - a potion of flight {unknown}
 w - a potion of mutation {unknown}
 z - 2 potions of cancellation {unknown}
 B - a potion of degeneration {unknown}
 D - 2 potions of invisibility {unknown}
 H - 2 potions of ambrosia {unknown}
 J - a potion of resistance {unknown}


   Skills:
 + Level 7.6 Fighting
 + Level 8.4 Axes
 + Level 7.7 Armour
 + Level 1.7 Dodging
 - Level 5.0 Shields
 + Level 6.7 Invocations


You had 9 spell levels left.
You didn't know any spells.
Your spell library contained the following spells:

 Spells                   Type           Power      Damage    Failure   Level
 Gell's Gravitas          Tloc           0%         N/A       100%        3
 Ignite Poison            Fire/Tmut/Pois 0%         N/A       100%        3
 Kindle Blastsparks       Fire/Tloc/Air  0%         2d10      100%        3
 Teleport Other           Tloc           0%         N/A       100%        3
 Petrify                  Tmut/Erth      0%         N/A       100%        4
 Sticky Flame             Conj/Fire      0%         2d3       100%        4
 Freezing Cloud           Conj/Ice/Air   0%         6-21      100%        5
 Irradiate                Conj/Tmut      0%         3d11      100%        5
 Dispersal                Tloc           0%         N/A       100%        6
 Ignition                 Fire           0%         3d3       100%        8
 Sublimation of Blood     Necr           Unusable   N/A       N/A         2

Dungeon Overview and Level Annotations

Branches:
Dungeon (8/15)             Temple (1/1) D:4           Sewer (visited)
   Lair: D:8-11

Altars:
Cheibriados
Dithmenos
Elyvilon
Fedhas
Gozag
Hepliaklqana
Makhleb
Nemelex Xobeh
Okawaru
Qazlal
Ru
Sif Muna
Trog
Uskayaw
Vehumet
Yredelemnul
Zin
The Shining One

Shops:
D:1 :

Annotations:
D:5 1 runed translucent door, Crazy Yiuf


Innate Abilities, Weirdness & Mutations

You are immune to sickness and miasma.
Your stone body is resilient. (AC +7)
You are immune to poison.
You resist negative energy. (rN+)
You are resistant to electric shocks. (rElec)
You are resistant to unholy torment.
You are immune to petrification.


Message History

The orc warrior is lightly wounded.
The orc warrior hits you but does no damage.
You hit the orc warrior but do no damage.
The orc warrior is lightly wounded.
The orc warrior hits you but does no damage.
You completely miss the orc warrior.
The orc warrior is lightly wounded.
You block the orc warrior's attack.
You hit the orc warrior but do no damage.
The orc warrior is lightly wounded.
The orc warrior hits you but does no damage.
You closely miss the orc warrior.
The orc warrior is lightly wounded.
The orc warrior hits you but does no damage.
You closely miss the orc warrior.
The orc warrior is lightly wounded.
The orc warrior barely misses you.
You slash the orc warrior!
The orc warrior is severely wounded.
The orc warrior hits you with a +0 glaive.
* * * LOW HITPOINT WARNING * * *
You hit the orc warrior but do no damage.
The orc warrior is severely wounded.
The orc warrior barely misses you. You block the orc warrior's attack.
You closely miss the orc warrior.
The orc warrior is severely wounded.
The orc warrior hits you but does no damage.
You hit the orc warrior but do no damage.
The orc warrior is severely wounded.
The orc warrior hits you but does no damage.
You hit the orc warrior but do no damage.
The orc warrior is severely wounded.
The orc warrior hits you but does no damage.
You hit the orc warrior but do no damage.
The orc warrior is severely wounded.
You block the orc warrior's attack.
You hit the orc warrior.
The orc warrior is severely wounded.
The orc warrior hits you with a +0 glaive!
You die...

....#.. .......#....#'####
...<##'## ....>..'....#...#
........########+##....#...#
.......................#...#
..................(....#...#
.......................#...#
..............o........#...#
.)......#'######|###+###...#
........#.....#.@o.........#
###.....#.....#............#
#.....########..###.###..#
#...... #### ### ####
#....... #........
#......... ######....o
.....(


You could see an orc warrior.

Vanquished Creatures
  A troll (D:7)
  Prince Ribbit (D:7)
  4 yaks (D:8)
  A wyvern (D:8)
  A steam dragon (D:7)
  A water moccasin (D:8)
  4 sky beasts
  An ice beast (D:5)
  2 black bears
  An ogre (D:7)
  A centaur (D:6)
  A phantom (D:7)
  11 kobold brigands
  4 scorpions
  A bullfrog (D:5)
  3 howler monkeys (D:7)
  A centaur zombie (D:4)
  2 jellies
  7 orc priests
  2 hounds (D:6)
  A gnoll bouda (D:7)
  2 iguanas (D:6)
  4 orc wizards
  3 hound zombies (D:4)
  6 gnolls
  6 adders
  A river rat (Sewer)
  2 shadow imps
  2 white imps
  2 ufetubi
  An adder zombie (D:4)
  7 worms
  5 dart slugs
  16 orcs
  11 ball pythons
  5 endoplasms
  5 giant cockroaches
  3 goblins
  5 hobgoblins
  2 quokkas
  7 bats
  5 frilled lizards
  38 kobolds
  10 rats
199 creatures vanquished.

Vanquished Creatures (others)
  5 toadstools (D:4)
5 creatures vanquished.

Grand Total: 204 creatures vanquished

Notes
Turn   | Place    | Note
-------+----------+-------------------------------------------
     0 | D:1      | Mitcholas the Gargoyle Fighter began the quest for the Orb.
     0 | D:1      | Reached XP level 1. HP: 14/14 MP: 1/1
   105 | D:1      | Reached skill level 2 in Axes
   148 | D:1      | Reached XP level 2. HP: 19/19 MP: 2/2
   346 | D:1      | Found Tyostiq's Book Shoppe.
   746 | D:1      | Found a faded altar of an unknown god.
   746 | D:1      | Noticed a hellion
   835 | D:2      | Reached skill level 3 in Axes
   837 | D:2      | Reached XP level 3. HP: 23/23 MP: 3/3
  1250 | D:2      | Reached XP level 4. HP: 28/28 MP: 4/4
  1602 | D:3      | Reached skill level 4 in Axes
  1680 | D:3      | Reached XP level 5. HP: 13/32 MP: 5/5
  2004 | D:3      | Reached skill level 5 in Axes
  2629 | D:4      | Reached XP level 6. HP: 29/37 MP: 6/6
  2706 | D:4      | Found a basalt altar of Yredelemnul.
  2728 | D:4      | Reached skill level 6 in Axes
  2823 | D:4      | Found a staircase to the Ecumenical Temple.
  2844 | Temple   | Entered the Ecumenical Temple
  3003 | Temple   | Became a worshipper of Warmaster Okawaru
  3437 | D:5      | Entered Level 5 of the Dungeon
  3491 | D:5      | Found a sacrificial altar of Ru.
  3604 | D:5      | Noticed an ice beast
  3618 | D:5      | Killed an ice beast
  3619 | D:5      | Reached skill level 1 in Invocations
  3619 | D:5      | Reached XP level 7. HP: 34/42 MP: 7/7
  3835 | D:5      | Reached * piety under Okawaru
  3961 | D:5      | Found a bloodstained altar of Trog.
  4050 | D:5      | Identified the +7 hammer "Vahe" {drain, rF- rN+ rCorr
                  | Stlth+}
  4054 | D:5      | Found a runed translucent door.
  4055 | D:5      | Noticed Crazy Yiuf
  4481 | D:6      | Found a glowing drain.
  4485 | Sewer    | Entered a sewer
  4743 | Sewer    | Reached XP level 8. HP: 46/48 MP: 9/9
  5268 | D:6      | Reached ** piety under Okawaru
  5276 | D:6      | Reached skill level 5 in Shields
  5291 | D:6      | Reached skill level 5 in Armour
  5294 | D:6      | Reached skill level 5 in Fighting
  5398 | D:6      | Reached skill level 7 in Axes
  5787 | D:6      | Found a glowing golden altar of the Shining One.
  5915 | D:6      | Reached XP level 9. HP: 54/54 MP: 12/12
  6278 | D:7      | Noticed Prince Ribbit
  6422 | D:7      | Killed Prince Ribbit
  6548 | D:7      | Reached skill level 5 in Invocations
  6551 | D:7      | Reached *** piety under Okawaru
  6560 | D:7      | Noticed a troll
  6693 | D:7      | Found an opulent altar of Gozag.
  6694 | D:7      | Found a radiant altar of Vehumet.
  7289 | D:7      | Killed a troll
  7649 | D:7      | Reached skill level 8 in Axes
  8002 | D:8      | Reached **** piety under Okawaru
  8047 | D:8      | Reached XP level 10. HP: 61/63 MP: 14/14
  8128 | D:8      | Reached skill level 1 in Dodging
  8770 | D:8      | Slain by an orc warrior

Illustrated notes

Levels and vault maps discovered:
D:1:      dpeg_arrival_stone_temple_mockup, layout_basic,
          dreamdust_ecumenical_altar_sealed_demon, serial_shops, shop_statue,
          minmay_misc_feat_iff
D:2:      layout_basic
D:3:      layout_basic
D:4:      layout_gridville, nicolae_yredelemnul_corpse_copse,
          minmay_temple_entry_wispy, serial_glass, glass_columns_b,
          glass_columns_b, minmay_gold_behind_fungi, minmay_diced_spiral
D:5:      layout_loops_ring, lemuel_crystal_altar, kennysheep_mini_moat,
          uniq_crazy_yiuf_cottage
D:6:      layout_loops_ring, nicolae_tso_carved_into_rock, gup_sewer_entry_bowl
D:7:      layout_gridville, mainiacjoe_overflow_divided_tiny,
          uniq_prince_ribbit1
D:8:      layout_gridville, lair_entry_dummy
Temple:   hellmonk_temple_forest_ring

Skill      XL: |  1  2  3  4  5  6  7  8  9 10 |
---------------+-------------------------------+-----
Axes           | 2 3 4 5 6 7 8 |  8.4
Invocations    | 1 2 4 6 |  6.7
Fighting       | 4 5 7 |  7.6
Armour         | 4 5 7 |  7.7
Shields        | 4 5 |  5.0
Dodging        | 1 |  1.7

Action                   |  1- 3 |  4- 6 |  7- 9 | 10-12 || total
-------------------------+-------+-------+-------+-------++-------
Melee: War axe           |   106 |   161 |   489 |   115 ||   871
Throw: Dart              |       |       |    15 |     1 ||    16
  Use: Potion            |       |       |     2 |     1 ||     3
Armor: Scale mail        |    49 |    34 |       |       ||    83
       Plate armour      |       |    71 |   351 |    69 ||   491
Dodge: Dodged            |    65 |    59 |   109 |    20 ||   253
Block: Buckler           |    25 |    41 |   120 |    31 ||   217

Table legend: (Time is in decaauts)
 A = Elapsed time spent in this place.
 B = Non-inter-level travel time spent in this place.
 C = Inter-level travel time spent in this place.
 D = Time resting spent in this place.
 E = Time spent auto-exploring this place.
 F = Levels seen in this place.
 G = Mean time per level.
                   A        B        C        D        E       F      G
               +--------+--------+--------+--------+--------+-----+--------+
         Total |   9129 |   8694 |    435 |   1065 |   5613 |  10 |  912.9 |
       Dungeon |   8006 |   7597 |    409 |   1065 |   4892 |   8 | 1000.8 |
        Temple |    174 |    148 |     26 |      0 |    136 |   1 |  174.0 |
         Sewer |    948 |    948 |      0 |      0 |    585 |   1 |  948.0 |
               +--------+--------+--------+--------+--------+-----+--------+

Top non-repeatable levels by time:
     D:7: 1603 daAuts
     D:3: 1130 daAuts
     D:6: 1058 daAuts
     D:8: 976 daAuts
   Sewer: 948 daAuts
     D:5: 895 daAuts
     D:1: 805 daAuts
     D:2: 802 daAuts
     D:4: 735 daAuts
  Temple: 174 daAuts
